[Event "15th Vandoeuvre Open 2019"]
[Site "Vandoeuvre-les-Nancy"]
[Date "2019.01.04"]
[Round "5"]
[White "Bauer, Christian"]
[Black "Tilicheev, Viacheslav"]
[Result "1/2-1/2"]
[ECO "D00"]
[WhiteElo "2637"]
[BlackElo "2507"]
[Annotator "ChessBase"]
[PlyCount "90"]
[EventDate "2019.01.02"]
[EventType "swiss"]
[EventCountry "FRA"]
[SourceTitle "playchess.com"]
[Source "ChessBase"]
[SourceQuality "1"]
[TimeControl "5400+30"]

1. d4 Nf6 2. Bf4 d5 3. e3 e6 4. Nd2 Bd6 5. Bg3 c5 6. c3 Qc7 7. dxc5 Qxc5 8. Ngf3 Nbd7 9. Rc1 Bxg3 10. hxg3 b6 11. c4 Bb7 12. a3 Rc8 13. Be2 h6 14. O-O O-O 15. b4 Qe7 16. Qb3 dxc4 17. Nxc4 Rc7 18. Nd4 a6 19. Nd2 Rfc8 20. Rxc7 Rxc7 21. Qb2 Qd8 22. Bf3 Bxf3 23. gxf3 Qc8 24. Rd1 Ne5 25. Kg2 Nc6 26. Nc4 Nd5 27. Nd6 Qf8 28. Ne4 Nxd4 29. Rxd4 Qc8 30. Rd2 Rc6 31. g4 Qc7 32. b5 axb5 33. Qxb5 Rc1 34. g5 Qc4 35. Qe8+ Kh7 36. Ng3 Qc7 37. g6+ Kxg6 38. Rd4 Nxe3+ 39. fxe3 Rg1+ 40. Kxg1 Qxg3+ 41. Kh1 Qxf3+ 42. Kh2 Qf2+ 43. Kh1 Qf3+ 44. Kh2 Qf2+ 45. Kh1 Qf3+ 1/2-1/2

[Event "15th Vandoeuvre Open 2019"]
[Site "Vandoeuvre-les-Nancy"]
[Date "2019.01.04"]
[Round "5"]
[White "Ma, Qun"]
[Black "Xu, Xiangyu"]
[Result "1/2-1/2"]
[ECO "D70"]
[WhiteElo "2625"]
[BlackElo "2567"]
[Annotator "ChessBase"]
[PlyCount "67"]
[EventDate "2019.01.02"]
[EventType "swiss"]
[EventCountry "FRA"]
[SourceTitle "playchess.com"]
[Source "ChessBase"]
[SourceQuality "1"]
[TimeControl "5400+30"]

1. d4 Nf6 2. c4 g6 3. f3 d5 4. cxd5 Nxd5 5. e4 Nb6 6. Nc3 Bg7 7. Be3 O-O 8. Qd2 e5 9. d5 c6 10. h4 cxd5 11. exd5 N8d7 12. h5 Nf6 13. hxg6 fxg6 14. O-O-O Bd7 15. Kb1 Rc8 16. Nh3 e4 17. Nxe4 Bf5 18. Nhf2 Na4 19. Bd4 Qxd5 20. Bxf6 Qxd2 21. Rxd2 Rxf6 22. Bd3 Rb6 23. b3 Be6 24. Rhd1 Nc3+ 25. Nxc3 Rxc3 26. Bc2 Rc8 27. Ne4 Be5 28. g3 Bf5 29. g4 Be6 30. Ng5 Bf6 31. Ne4 Be5 32. Ng5 Bf6 33. Ne4 Be5 34. Ng5 1/2-1/2

[Event "15th Vandoeuvre Open 2019"]
[Site "Vandoeuvre-les-Nancy"]
[Date "2019.01.04"]
[Round "5"]
[White "Bailet, Pierre"]
[Black "Taddei, Benoit"]
[Result "1/2-1/2"]
[ECO "A21"]
[WhiteElo "2492"]
[BlackElo "2290"]
[Annotator "ChessBase"]
[PlyCount "89"]
[EventDate "2019.01.02"]
[EventType "swiss"]
[EventCountry "FRA"]
[SourceTitle "playchess.com"]
[Source "ChessBase"]
[SourceQuality "1"]
[TimeControl "5400+30"]

1. c4 e5 2. Nc3 d6 3. g3 Be7 4. Bg2 f5 5. Nf3 Nf6 6. c5 Nc6 7. cxd6 cxd6 8. O-O e4 9. Ng5 h6 10. Nh3 g5 11. d3 d5 12. dxe4 fxe4 13. f4 exf3 14. exf3 d4 15. Ne4 Nxe4 16. fxe4 Be6 17. Nf2 Qd7 18. Bd2 Ne5 19. Rc1 h5 20. Qc2 h4 21. Nd3 Nc4 22. b3 Nxd2 23. Qxd2 hxg3 24. hxg3 Bh3 25. Bxh3 Qxh3 26. Qg2 Kd7 27. Rc4 Qxg2+ 28. Kxg2 Rac8 29. Rxd4+ Ke6 30. Rd5 Rc2+ 31. Rf2 Rhc8 32. Re5+ Kd6 33. Ref5 R8c3 34. Rxc2 Rxc2+ 35. Rf2 Rc3 36. Rd2 Ke6 37. Kf3 a5 38. Kg4 b5 39. Kh5 a4 40. bxa4 bxa4 41. Kg4 a3 42. Kf3 Bd6 43. Kg4 Be7 44. Kf3 Bd6 45. Kg4 {[%emt 0:00:01] Ke5 [%clk 0:00:00]} 1/2-1/2

[Event "15th Vandoeuvre Open 2019"]
[Site "Vandoeuvre-les-Nancy"]
[Date "2019.01.04"]
[Round "5"]
[White "Li, Di"]
[Black "Laurent-Paoli, Pierre"]
[Result "1/2-1/2"]
[ECO "D90"]
[WhiteElo "2488"]
[BlackElo "2342"]
[Annotator "ChessBase"]
[PlyCount "84"]
[EventDate "2019.01.02"]
[EventType "swiss"]
[EventCountry "FRA"]
[SourceTitle "playchess.com"]
[Source "ChessBase"]
[SourceQuality "1"]
[TimeControl "5400+30"]

1. Nf3 g6 2. c4 Bg7 3. d4 Nf6 4. Nc3 d5 5. cxd5 Nxd5 6. Bd2 c5 7. Rc1 Nxc3 8. Bxc3 cxd4 9. Nxd4 O-O 10. e3 Bd7 11. Be2 Nc6 12. Nb3 Be6 13. O-O Bxc3 14. Rxc3 Qb6 15. a3 Na5 16. Nxa5 Qxa5 17. Qc2 Rac8 18. Rc1 Rxc3 19. Qxc3 Qxc3 20. Rxc3 Rc8 21. Rxc8+ Bxc8 22. h4 Kg7 23. g4 h6 24. g5 hxg5 25. hxg5 f6 26. f4 e5 27. Bc4 exf4 28. exf4 fxg5 29. fxg5 Bf5 30. Kf2 Kf8 31. Ke3 Ke7 32. Kd4 Kd6 33. b4 b6 34. Be2 Bb1 35. Kc4 Be4 36. Kd4 Bf5 37. Bf3 Bb1 38. Bd5 Bf5 39. Bf7 Bb1 40. Bd5 Bf5 41. Bf7 Bb1 42. Bd5 Bf5 {[%emt 0:00:03] Ke4 [%clk 0:00:00] Ke5+} 1/2-1/2

[Event "15th Vandoeuvre Open 2019"]
[Site "Vandoeuvre-les-Nancy"]
[Date "2019.01.04"]
[Round "5"]
[White "Leriche, Ines"]
[Black "Battistella, Valentin"]
[Result "1-0"]
[ECO "E44"]
[WhiteElo "1917"]
[BlackElo "1882"]
[Annotator "NA"]
[PlyCount "57"]
[EventDate "2019.01.02"]
[EventType "swiss"]
[EventCountry "FRA"]
[SourceTitle "playchess.com"]
[Source "ChessBase"]
[SourceQuality "1"]
[TimeControl "5400+30"]

1. d4 Nf6 2. c4 e6 3. Nc3 Bb4 4. e3 b6 5. Nge2 Bb7 6. a3 Bxc3+ 7. Nxc3 O-O 8. Bd3 d5 9. O-O Nbd7 10. cxd5 exd5 11. Bd2 Ne4 12. Rc1 c5 13. Bb1 Qh4 14. Be1 cxd4 15. Qxd4 Qf6 16. Nxe4 Qxd4 17. exd4 dxe4 18. Rc7 Ba6 19. Rxd7 Bb5 20. Re7 Bxf1 21. Kxf1 Rfe8 22. Rxe4 Rxe4 23. Bxe4 Re8 24. Bc6 Rc8 25. d5 f6 26. Bb4 a5 27. Bd6 Kf7 28. Ke2 b5 29. Kd3 1-0

[Event "15th Vandoeuvre Open 2019"]
[Site "Vandoeuvre-les-Nancy"]
[Date "2019.01.04"]
[Round "5"]
[White "Rauta, Nicolas"]
[Black "Oney, Remel"]
[Result "1/2-1/2"]
[ECO "A25"]
[WhiteElo "1904"]
[BlackElo "1876"]
[Annotator "NA"]
[PlyCount "72"]
[EventDate "2019.01.02"]
[EventType "swiss"]
[EventCountry "FRA"]
[SourceTitle "playchess.com"]
[Source "ChessBase"]
[SourceQuality "1"]
[TimeControl "5400+30"]

1. c4 e5 2. Nc3 Bc5 3. g3 Nc6 4. Bg2 a6 5. e3 d6 6. Nge2 h5 7. h4 f5 8. d4 Ba7 9. Bxc6+ bxc6 10. dxe5 dxe5 11. Qxd8+ Kxd8 12. b3 Nf6 13. Ba3 Ke8 14. Ng1 f4 15. exf4 exf4 16. c5 Kf7 17. gxf4 Re8+ 18. Kf1 Bf5 19. Nf3 Nd7 20. Ng5+ Kg8 21. Na4 Re7 22. Kg2 Rae8 23. Rhc1 Nf6 24. Bb2 Re2 25. Be5 Ng4 26. Re1 Rxf2+ 27. Kg3 Rd8 28. Rad1 Rfd2 29. Rxd2 Rxd2 30. Bxc7 Rd3+ 31. Kg2 Ne3+ 32. Kf2 Ng4+ 33. Kg2 Ne3+ 34. Kf2 Ng4+ 35. Kg2 Kf8 36. Kh1 Rd6 1/2-1/2

[Event "15th Vandoeuvre Open 2019"]
[Site "Vandoeuvre-les-Nancy"]
[Date "2019.01.04"]
[Round "5"]
[White "Budak, Rezan"]
[Black "Winkin, Jos"]
[Result "1-0"]
[ECO "E91"]
[WhiteElo "1883"]
[BlackElo "1484"]
[Annotator "NA"]
[PlyCount "87"]
[EventDate "2019.01.02"]
[EventType "swiss"]
[EventCountry "FRA"]
[SourceTitle "playchess.com"]
[Source "ChessBase"]
[SourceQuality "1"]
[TimeControl "5400+30"]

1. d4 Nf6 2. Nf3 g6 3. c4 d6 4. Nc3 Bg7 5. e4 O-O 6. Be2 c5 7. dxc5 dxc5 8. Be3 b6 9. O-O Nc6 10. Bg5 Bb7 11. Qc1 Nd4 12. Nxd4 cxd4 13. Nd5 Nxd5 14. cxd5 f6 15. Bh4 e6 16. dxe6 Bxe4 17. Bc4 Qe7 18. Re1 Bc6 19. Qd2 Rfd8 20. Rad1 Rac8 21. Ba6 Bb7 22. Bxb7 Qxb7 23. e7 Re8 24. Qxd4 g5 25. Bg3 Rxe7 26. h4 Rce8 27. Qc4+ Kh8 28. Rxe7 Qxe7 29. Qb5 Bf8 30. hxg5 fxg5 31. Qd7 Qxd7 32. Rxd7 Re7 33. Rd5 h6 34. Rd8 Kg7 35. Kh2 Re2 36. Rd7+ Kg6 37. Rxa7 Rxb2 38. a4 Bc5 39. Ra6 Ra2 40. Bc7 Kh5 41. f3 Ra1 42. a5 bxa5 43. g4+ Kh4 44. Bg3# 1-0

[Event "15th Vandoeuvre Open 2019"]
[Site "Vandoeuvre-les-Nancy"]
[Date "2019.01.04"]
[Round "5"]
[White "Fretel, Liza"]
[Black "Mostefa Kara, Camil"]
[Result "1-0"]
[ECO "B26"]
[WhiteElo "1855"]
[BlackElo "1940"]
[Annotator "NA"]
[PlyCount "167"]
[EventDate "2019.01.02"]
[EventType "swiss"]
[EventCountry "FRA"]
[SourceTitle "playchess.com"]
[Source "ChessBase"]
[SourceQuality "1"]
[TimeControl "5400+30"]

1. e4 c5 2. Nc3 Nc6 3. g3 g6 4. Bg2 Bg7 5. d3 d6 6. Be3 e6 7. Qd2 Nd4 8. Nd1 Nc6 9. a3 Qc7 10. Rb1 b6 11. b4 Rb8 12. b5 Nce7 13. f4 Bb7 14. Nf3 Nf6 15. h3 Nd7 16. O-O O-O 17. c4 Rfd8 18. Qc2 d5 19. g4 Nf8 20. Kh1 f5 21. e5 dxc4 22. dxc4 Be4 23. Qc1 Bxb1 24. Qxb1 Qd7 25. Nf2 Qc7 26. g5 Rd7 27. Nd3 Rbd8 28. Rd1 Qc8 29. Nfe1 Kf7 30. Kh2 Qc7 31. Qb2 h6 32. h4 hxg5 33. hxg5 Nh7 34. Qc3 Rh8 35. Kg3 Rhd8 36. a4 Nf8 37. Kf2 Nh7 38. Ke2 Nf8 39. Rd2 Qc8 40. Kd1 Qc7 41. Kc2 Qc8 42. Kb3 Qc7 43. Kc2 Qc8 44. Rd1 Qc7 45. Ra1 Rc8 46. a5 Qd8 47. axb6 axb6 48. Ra6 Rd4 49. Ra7 Rd7 50. Qa3 Rd4 51. Bxd4 Qxd4 52. Kb3 Rd8 53. Rb7 Qe3 54. Bf1 Rd4 55. Qa7 Nd7 56. Rxd7 Rxd7 57. Qxd7 Qd2 58. Qb7 Qd1+ 59. Kb2 Bf8 60. Qxb6 Qd2+ 61. Nc2 Qd1 62. Nde1 Qg4 63. Qxc5 Qxf4 64. Bg2 Bg7 65. Nf3 Qe4 66. Qd4 Qb7 67. Nb4 Qb8 68. Kb3 Bh8 69. Qd6 Qb7 70. Ne1 Qa7 71. Ned3 Qg1 72. Bc6 Qb1+ 73. Nb2 Qe1 74. Qd7 Bxe5 75. Qe8+ Kg7 76. Qxe7+ Kh8 77. N4d3 Qc3+ 78. Ka4 Bd4 79. Qxe6 Qc2+ 80. Ka3 Qc3+ 81. Ka2 f4 82. Qxg6 Bg7 83. Qh5+ Kg8 84. Bd5+ 1-0

[Event "15th Vandoeuvre Open 2019"]
[Site "Vandoeuvre-les-Nancy"]
[Date "2019.01.04"]
[Round "6"]
[White "Tilicheev, Viacheslav"]
[Black "Rakotomaharo, Fy Antenaina"]
[Result "1-0"]
[ECO "A36"]
[WhiteElo "2507"]
[BlackElo "2425"]
[Annotator "ChessBase"]
[PlyCount "83"]
[EventDate "2019.01.02"]
[EventType "swiss"]
[EventCountry "FRA"]
[SourceTitle "playchess.com"]
[Source "ChessBase"]
[SourceQuality "1"]
[TimeControl "5400+30"]

1. c4 g6 2. Nc3 c5 3. g3 Nc6 4. Bg2 Bg7 5. e3 d6 6. Nge2 e5 7. a3 Nge7 8. Rb1 a5 9. d3 O-O 10. O-O Rb8 11. b3 Be6 12. Nd5 b5 13. Bb2 Qd7 14. Qd2 Bg4 15. Rfe1 Nxd5 16. cxd5 Ne7 17. d4 exd4 18. exd4 c4 19. Bc3 Bxe2 20. Rxe2 Qf5 21. Be4 Qh5 22. Kh1 Bh6 23. Qe1 b4 24. axb4 axb4 25. Bxb4 Rxb4 26. g4 Qxg4 27. f3 Qf4 28. Qxb4 f5 29. Bc2 Qxf3+ 30. Rg2 Nxd5 31. Qb7 Rf7 32. Qa8+ Rf8 33. Qc6 Rb8 34. Re1 Rb6 35. Qa8+ Kg7 36. Qa7+ Kg8 37. Bd1 Qc3 38. Re8+ Bf8 39. Qa8 Nf6 40. Rxf8+ Kg7 41. Rxf6 Kxf6 42. Qh8+ {[%emt 0:00:00] Kg7 [%clk 0:00:00] Qa8 Rb8 [%clk 0:00:00] Qd5 [%clk 0:00:00] Kf6 Qxd6+ Kg7} 1-0

[Event "15th Vandoeuvre Open 2019"]
[Site "Vandoeuvre-les-Nancy"]
[Date "2019.01.04"]
[Round "6"]
[White "Travadon, Loic"]
[Black "Bauer, Christian"]
[Result "0-1"]
[ECO "A46"]
[WhiteElo "2379"]
[BlackElo "2637"]
[Annotator "ChessBase"]
[PlyCount "60"]
[EventDate "2019.01.02"]
[EventType "swiss"]
[EventCountry "FRA"]
[SourceTitle "playchess.com"]
[Source "ChessBase"]
[SourceQuality "1"]
[TimeControl "5400+30"]

1. d4 Nf6 2. Nf3 d6 3. g3 Nbd7 4. Bg2 e5 5. O-O e4 6. Ng5 d5 7. f3 h6 8. Nh3 exf3 9. exf3 Be7 10. Re1 O-O 11. Bf4 Nb6 12. Nf2 Nh5 13. Bc1 Bd6 14. Nd3 Nxg3 15. hxg3 Bxg3 16. Bf4 Bxf4 17. Nxf4 Qh4 18. Qc1 Bf5 19. Nc3 Rae8 20. Ncxd5 Nxd5 21. Nxd5 Rxe1+ 22. Qxe1 Qxd4+ 23. Ne3 Re8 24. Kf2 Qxb2 25. Rb1 Qf6 26. Qb4 Be6 27. Re1 b6 28. Nd5 Qd8 29. Qe4 f5 30. Qe5 Bf7 0-1

[Event "15th Vandoeuvre Open 2019"]
[Site "Vandoeuvre-les-Nancy"]
[Date "2019.01.04"]
[Round "6"]
[White "Daeschler, Florian"]
[Black "Ma, Qun"]
[Result "0-1"]
[ECO "E08"]
[WhiteElo "2235"]
[BlackElo "2625"]
[Annotator "ChessBase"]
[PlyCount "106"]
[EventDate "2019.01.02"]
[EventType "swiss"]
[EventCountry "FRA"]
[SourceTitle "playchess.com"]
[Source "ChessBase"]
[SourceQuality "1"]
[TimeControl "5400+30"]

1. d4 d5 2. c4 e6 3. Nf3 Nf6 4. g3 Bb4+ 5. Bd2 Be7 6. Bg2 c6 7. Qc2 O-O 8. O-O Nbd7 9. Bf4 Ne4 10. Nfd2 g5 11. Be3 Nd6 12. Nc3 Nf5 13. cxd5 Nxe3 14. fxe3 exd5 15. Rad1 Nb6 16. e4 Be6 17. exd5 cxd5 18. e4 Rc8 19. e5 f6 20. Rde1 f5 21. Qb3 Qd7 22. Rf2 Nc4 23. Nf1 f4 24. Qb5 Qxb5 25. Nxb5 fxg3 26. Rxf8+ Bxf8 27. hxg3 Bb4 28. Rc1 a6 29. Na3 Nxa3 30. Rxc8+ Bxc8 31. bxa3 Bc3 32. Bxd5+ Kf8 33. Kg2 Bxd4 34. e6 Ke7 35. Kf3 Bxe6 36. Bxb7 a5 37. Ke4 Bc5 38. a4 h5 39. Nd2 Bd6 40. Nb3 Bc7 41. Nd4 Bg4 42. Nf5+ Kf6 43. Ne3 Be6 44. Nd5+ Bxd5+ 45. Bxd5 g4 46. Ke3 Bxg3 47. Ke2 Kg5 48. Kf1 h4 49. Kg2 Bd6 50. Bc6 h3+ 51. Kg1 g3 52. a3 Bxa3 53. Bd7 Bc5+ 0-1

[Event "15th Vandoeuvre Open 2019"]
[Site "Vandoeuvre-les-Nancy"]
[Date "2019.01.04"]
[Round "6"]
[White "Simon, Edouard"]
[Black "Fretel, Liza"]
[Result "0-1"]
[ECO "B23"]
[WhiteElo "1977"]
[BlackElo "1855"]
[Annotator "NA"]
[PlyCount "88"]
[EventDate "2019.01.02"]
[EventType "swiss"]
[EventCountry "FRA"]
[SourceTitle "playchess.com"]
[Source "ChessBase"]
[SourceQuality "1"]
[TimeControl "5400+30"]

1. e4 c5 2. Nc3 Nc6 3. f4 e6 4. Bb5 Nd4 5. Bd3 Ne7 6. Nf3 Nec6 7. Nxd4 Nxd4 8. Ne2 Nc6 9. c3 Qh4+ 10. g3 Qh3 11. Kf2 Qh5 12. Kg2 b6 13. Re1 Bb7 14. Ng1 Qxd1 15. Rxd1 f5 16. Kf2 c4 17. Bxc4 fxe4 18. d3 Na5 19. Bb5 a6 20. Ba4 exd3 21. Rxd3 b5 22. Bd1 Bc5+ 23. Be3 Be4 24. Bf3 Bxd3 25. Bxa8 Bxe3+ 26. Kxe3 Bg6 27. b4 Nc4+ 28. Kd4 O-O 29. Bf3 d6 30. Bb7 Rf5 31. Be4 e5+ 32. Kd3 Rh5 33. Bxg6 hxg6 34. Nf3 exf4 35. gxf4 Rf5 36. Nh4 Rxf4 37. Nxg6 Rf2 38. h4 Kf7 39. h5 Kf6 40. a4 Kf5 41. axb5 axb5 42. Ne7+ Kg4 43. Ng6 Rd2+ 44. Ke4 d5# 0-1

[Event "15th Vandoeuvre Open 2019"]
[Site "Vandoeuvre-les-Nancy"]
[Date "2019.01.04"]
[Round "6"]
[White "Battistella, Valentin"]
[Black "Neyroumande, Adrien"]
[Result "1/2-1/2"]
[ECO "B56"]
[WhiteElo "1882"]
[BlackElo "1816"]
[Annotator "NA"]
[PlyCount "118"]
[EventDate "2019.01.02"]
[EventType "swiss"]
[EventCountry "FRA"]
[SourceTitle "playchess.com"]
[Source "ChessBase"]
[SourceQuality "1"]
[TimeControl "5400+30"]

1. e4 c5 2. Nc3 Nc6 3. Bb5 d6 4. Nf3 Bd7 5. O-O g6 6. d4 cxd4 7. Nxd4 Bg7 8. Be3 Nf6 9. Kh1 O-O 10. Bc4 Nxd4 11. Bxd4 a6 12. f4 b5 13. Bd3 Bc6 14. a3 d5 15. e5 Nd7 16. Qg4 e6 17. Rae1 Qe7 18. Bf2 Nc5 19. Bh4 Qb7 20. Bf6 Nxd3 21. cxd3 b4 22. Ne2 bxa3 23. Ng3 d4 24. Nh5 Bxg2+ 25. Qxg2 Qxg2+ 26. Kxg2 gxh5 27. Be7 Rfb8 28. bxa3 Rb3 29. Rd1 Bf8 30. Bxf8 Kxf8 31. Kf3 Rxa3 32. Ke4 Rd8 33. Ra1 Rxa1 34. Rxa1 Rb8 35. Ra2 Rb4 36. h3 Rb1 37. Kf3 Re1 38. Ra3 Re3+ 39. Kg2 Kg7 40. h4 Kg6 41. Rxa6 Rxd3 42. Ra7 Rc3 43. Rd7 d3 44. Kf3 d2+ 45. Ke4 Rc2 46. Rd8 Kg7 47. Ke3 Ra2 48. Ke4 Rb2 49. Ke3 Rb1 50. Rxd2 Rh1 51. Rg2+ Kf8 52. f5 exf5 53. Kf4 Rxh4+ 54. Kxf5 Ke7 55. Ra2 Rd4 56. Ra7+ Rd7 57. Ra4 Rd1 58. Ra7+ Rd7 59. Ra4 Rd1 1/2-1/2

[Event "15th Vandoeuvre Open 2019"]
[Site "Vandoeuvre-les-Nancy"]
[Date "2019.01.04"]
[Round "6"]
[White "Bellahcene, Anissa"]
[Black "Rauta, Nicolas"]
[Result "1/2-1/2"]
[ECO "B18"]
[WhiteElo "1819"]
[BlackElo "1904"]
[Annotator "NA"]
[PlyCount "95"]
[EventDate "2019.01.02"]
[EventType "swiss"]
[EventCountry "FRA"]
[SourceTitle "playchess.com"]
[Source "ChessBase"]
[SourceQuality "1"]
[TimeControl "5400+30"]

1. e4 c6 2. d4 d5 3. Nc3 dxe4 4. Nxe4 Bf5 5. Nc5 b6 6. Nb3 Nf6 7. Nf3 Nbd7 8. g3 e6 9. Bg2 Bd6 10. O-O O-O 11. Nbd2 Rc8 12. Nc4 Bb8 13. Nfe5 Nxe5 14. dxe5 Qxd1 15. Rxd1 Nd5 16. c3 h6 17. Be3 Bg6 18. Nd6 Rcd8 19. Bf4 Bh5 20. Rd2 g5 21. Be3 Nxe3 22. fxe3 c5 23. Rf1 Bxd6 24. exd6 f6 25. Bc6 Kg7 26. h3 f5 27. e4 fxe4 28. Rxf8 Kxf8 29. Bxe4 Be8 30. Kf2 Kg7 31. Ke3 Bd7 32. h4 Kf6 33. Rf2+ Ke5 34. hxg5 hxg5 35. Rf7 Kxd6 36. Rg7 Rf8 37. Rxg5 Ke7 38. Rg7+ Rf7 39. Rxf7+ Kxf7 40. Kf4 Kf6 41. Bb7 e5+ 42. Kf3 Be6 43. a3 Bd7 44. Be4 Be6 45. Bb7 Bd7 46. Be4 Be6 47. Bb7 Bd7 48. Be4 1/2-1/2

[Event "15th Vandoeuvre Open 2019"]
[Site "Vandoeuvre-les-Nancy"]
[Date "2019.01.04"]
[Round "6"]
[White "Winkin, Pol"]
[Black "Leriche, Ines"]
[Result "1/2-1/2"]
[ECO "B38"]
[WhiteElo "1694"]
[BlackElo "1917"]
[Annotator "NA"]
[PlyCount "43"]
[EventDate "2019.01.02"]
[EventType "swiss"]
[EventCountry "FRA"]
[SourceTitle "playchess.com"]
[Source "ChessBase"]
[SourceQuality "1"]
[TimeControl "5400+30"]

1. e4 c5 2. Nf3 g6 3. d4 cxd4 4. Nxd4 Nc6 5. Be3 Bg7 6. c4 Nf6 7. f3 O-O 8. Nc3 d6 9. Be2 Bd7 10. O-O Nxd4 11. Bxd4 Bc6 12. Qd2 a5 13. Nd5 Nd7 14. a3 Bxd4+ 15. Qxd4 Nc5 16. Qc3 a4 17. Kh1 Rc8 18. Qb4 Na6 19. Qd2 Nc5 20. Qb4 Na6 21. Qd2 Nc5 22. Qb4 1/2-1/2

[Event "15th Vandoeuvre Open 2019"]
[Site "Vandoeuvre-les-Nancy"]
[Date "2019.01.05"]
[Round "7"]
[White "Bailet, Pierre"]
[Black "Guilleux, Fabien"]
[Result "1/2-1/2"]
[ECO "B30"]
[WhiteElo "2492"]
[BlackElo "2418"]
[Annotator "ChessBase"]
[PlyCount "88"]
[EventDate "2019.01.02"]
[EventType "swiss"]
[EventCountry "FRA"]
[SourceTitle "playchess.com"]
[Source "ChessBase"]
[SourceQuality "1"]
[TimeControl "5400+30"]

1. e4 c5 2. Nf3 Nc6 3. Bb5 e6 4. O-O Nge7 5. Re1 a6 6. Bf1 d5 7. exd5 Nxd5 8. d4 Nf6 9. Be3 cxd4 10. Nxd4 Nxd4 11. Bxd4 Bd6 12. Nc3 Bc7 13. g3 O-O 14. Bg2 Qe7 15. Qe2 Rb8 16. Rad1 Rd8 17. Bxf6 Qxf6 18. Nd5 Rxd5 19. Rxd5 g6 20. Rc5 Bb6 21. Rc4 Qxb2 22. Qd2 Qf6 23. Rf4 Qe7 24. Rh4 h5 25. Rd1 e5 26. Re4 Bf5 27. Ree1 Rc8 28. Be4 Bg4 29. Qd6 Qxd6 30. Rxd6 Bd4 31. Rb1 b6 32. Rxd4 exd4 33. Rxb6 Bf5 34. Bxf5 gxf5 35. Rxa6 Rxc2 36. Rd6 Rxa2 37. Rxd4 Kg7 38. Rd6 Ra4 39. f4 h4 40. Kg2 hxg3 41. hxg3 Ra1 42. Kf3 Ra3+ 43. Kg2 Ra1 44. Kf3 Ra3+ {[%emt 0:00:08] Ke4 [%clk 0:00:00]} 1/2-1/2

[Event "15th Vandoeuvre Open 2019"]
[Site "Vandoeuvre-les-Nancy"]
[Date "2019.01.05"]
[Round "7"]
[White "Burri, Quentin"]
[Black "Xu, Xiangyu"]
[Result "0-1"]
[ECO "B77"]
[WhiteElo "2409"]
[BlackElo "2567"]
[Annotator "ChessBase"]
[PlyCount "69"]
[EventDate "2019.01.02"]
[EventType "swiss"]
[EventCountry "FRA"]
[SourceTitle "playchess.com"]
[Source "ChessBase"]
[SourceQuality "1"]
[TimeControl "5400+30"]

1. e4 c5 2. Nf3 Nc6 3. Nc3 g6 4. d4 cxd4 5. Nxd4 Bg7 6. Be3 Nf6 7. Bc4 O-O 8. Bb3 d6 9. f3 Bd7 10. Qd2 Na5 11. h4 Nxb3 12. Nxb3 h5 13. O-O-O a5 14. Nd4 a4 15. a3 Ra5 16. Na2 e5 17. Ne2 d5 18. Bg5 Qb6 19. Nb4 d4 20. Kb1 Be6 21. g4 hxg4 22. h5 Nxh5 23. Rdg1 gxf3 24. Ng3 Bg4 25. Nf5 gxf5 26. exf5 Bxf5 27. Bh6 Bg6 28. Rxh5 e4 29. Rxa5 e3 30. Qh2 Qxa5 31. Bxg7 Kxg7 32. Rh1 Qh5 33. Qxh5 Bxh5 34. Rxh5 f2 35. Kc1 0-1

[Event "15th Vandoeuvre Open 2019"]
[Site "Vandoeuvre-les-Nancy"]
[Date "2019.01.05"]
[Round "7"]
[White "Steininger, Denis"]
[Black "Leccia, Antoine"]
[Result "0-1"]
[ECO "C10"]
[WhiteElo "1947"]
[BlackElo "1696"]
[Annotator "NA"]
[PlyCount "36"]
[EventDate "2019.01.02"]
[EventType "swiss"]
[EventCountry "FRA"]
[SourceTitle "playchess.com"]
[Source "ChessBase"]
[SourceQuality "1"]
[TimeControl "5400+30"]

1. e4 e6 2. d4 d5 3. Nc3 dxe4 4. Nxe4 Nd7 5. Nf3 Ngf6 6. Ng3 c5 7. c3 Be7 8. Bd3 h6 9. Bc2 b6 10. O-O Bb7 11. Re1 Qc7 12. Nf5 exf5 13. Qe2 O-O-O 14. Qxe7 Bxf3 15. Qxf7 Bd5 16. Qxg7 Rdg8 17. Bf4 $19 Qxf4 18. Qe7 Rxg2+ 0-1

[Event "15th Vandoeuvre Open 2019"]
[Site "Vandoeuvre-les-Nancy"]
[Date "2019.01.05"]
[Round "7"]
[White "Leriche, Ines"]
[Black "Budak, Rezan"]
[Result "0-1"]
[ECO "A53"]
[WhiteElo "1917"]
[BlackElo "1883"]
[Annotator "NA"]
[PlyCount "94"]
[EventDate "2019.01.02"]
[EventType "swiss"]
[EventCountry "FRA"]
[SourceTitle "playchess.com"]
[Source "ChessBase"]
[SourceQuality "1"]
[TimeControl "5400+30"]

1. d4 Nf6 2. c4 d6 3. Nc3 Bf5 4. Nf3 h6 5. g3 c6 6. Bg2 Nbd7 7. O-O e5 8. d5 e4 9. Nd2 cxd5 10. cxd5 Qe7 11. Qa4 a6 12. Ndxe4 Nxe4 13. Bxe4 Bxe4 14. Nxe4 b5 15. Qc2 f5 16. Nc3 g6 17. Re1 b4 18. Na4 Bg7 19. Bd2 a5 20. e4 f4 21. Bxf4 O-O 22. Rac1 Rac8 23. Qe2 g5 24. Bd2 Ne5 25. Rxc8 Rxc8 26. Rc1 Rf8 27. f4 gxf4 28. Bxf4 Ng6 29. Rf1 Bd4+ 30. Kh1 Re8 31. Re1 Qd7 32. b3 Rf8 33. Be3 Bxe3 34. Qxe3 Qf7 35. Kg2 Ne5 36. Nb2 Ng4 37. Qd2 Qf2+ 38. Qxf2 Rxf2+ 39. Kh3 h5 40. Kh4 Rxh2+ 41. Kg5 Rxb2 42. Kxh5 Ne5 43. Ra1 Rg2 44. a3 Rxg3 45. axb4 axb4 46. Ra6 Rxb3 47. Rxd6 Rh3+ 0-1

[Event "15th Vandoeuvre Open 2019"]
[Site "Vandoeuvre-les-Nancy"]
[Date "2019.01.05"]
[Round "7"]
[White "Paternoster, Thibaud"]
[Black "Winkin, Pol"]
[Result "1-0"]
[ECO "C30"]
[WhiteElo "1879"]
[BlackElo "1694"]
[Annotator "NA"]
[PlyCount "41"]
[EventDate "2019.01.02"]
[EventType "swiss"]
[EventCountry "FRA"]
[SourceTitle "playchess.com"]
[Source "ChessBase"]
[SourceQuality "1"]
[TimeControl "5400+30"]

1. e4 e5 2. Nc3 Nc6 3. f4 d6 4. Nf3 Nf6 5. Bb5 Bd7 6. d3 exf4 7. Bxf4 Ne5 8. Nxe5 dxe5 9. Bxe5 c6 10. Bc4 Ng4 11. Bg3 Ne3 12. Bxf7+ Kxf7 13. Qf3+ Nf5 14. exf5 Qe7+ 15. Ne4 Qb4+ 16. c3 Qxb2 17. O-O Qb6+ 18. Bf2 Qc7 19. f6 Qe5 20. fxg7+ Kxg7 21. Bd4 1-0

[Event "15th Vandoeuvre Open 2019"]
[Site "Vandoeuvre-les-Nancy"]
[Date "2019.01.05"]
[Round "7"]
[White "Fretel, Liza"]
[Black "Godde, Matthias"]
[Result "0-1"]
[ECO "B26"]
[WhiteElo "1855"]
[BlackElo "1881"]
[Annotator "NA"]
[PlyCount "74"]
[EventDate "2019.01.02"]
[EventType "swiss"]
[EventCountry "FRA"]
[SourceTitle "playchess.com"]
[Source "ChessBase"]
[SourceQuality "1"]
[TimeControl "5400+30"]

1. e4 c5 2. Nc3 Nc6 3. g3 g6 4. Bg2 Bg7 5. d3 d6 6. Be3 e6 7. Qd2 Nd4 8. Nd1 e5 9. c3 Ne6 10. Ne2 Ne7 11. Bh6 Bxh6 12. Qxh6 f5 13. Qh4 O-O 14. exf5 g5 15. Qc4 Nxf5 16. Bxb7 Bxb7 17. Qxe6+ Kh8 18. O-O Bf3 19. Re1 Rf6 20. Qc4 g4 21. Ne3 Nxe3 22. fxe3 Rh6 23. d4 Qg5 24. Nf4 exf4 25. exf4 Qf5 26. dxc5 Rxh2 27. Re7 Rg2+ 28. Kf1 Qxc5 29. Rxh7+ Kxh7 30. Qf7+ Kh8 31. Qf6+ Kg8 32. Qg6+ Kf8 33. Qf6+ Ke8 34. Re1+ Kd7 35. Qe6+ Kc6 36. Re3 Rh8 37. Rxf3 Qg1# 0-1